 Dungeon Crawl Stone Soup version 0.28.0 (webtiles) character file.

Game seed: 1896299659118025628

508 Ayyar the Shield-Bearer (level 7, -2/44 HPs)
             Began as a Gargoyle Fighter on Feb 18, 2022.
             Was an Initiate of Okawaru.
             Slain by an ogre (18 damage)
             ... on level 5 of the Dungeon.
             The game lasted 00:14:08 (4828 turns).

Ayyar the Shield-Bearer (Gargoyle Fighter)          Turns: 4828, Time: 00:14:08

Health: -2/44      AC: 14    Str: 22    XL:     7   Next: 18%
Magic:  7/7        EV:  9    Int:  8    God:    Okawaru [......]
Gold:   232        SH:  4    Dex:  9    Spells: 6/6 levels left

rFire   . . .      SeeInvis .   a - +0 flail
rCold   . . .      Faith    .   c - +0 buckler
rNeg    + . .      Spirit   .   b - +0 scale mail
rPois   ∞          Reflect  .   o - +0 helmet
rElec   +          Harm     .   (no cloak)
rCorr   .          Rampage  .   x - +0 pair of gloves
Will    +....                   (no boots)
Stlth   ..........              (no amulet)
HPRegen 0.14/turn               k - ring of willpower
MPRegen 0.10/turn               (no ring)

@: no status effects
A: sickness immunity, AC +4, negative energy resistance 1, electricity
resistance, torment resistance 1, petrification resistance
a: Renounce Religion


You were on level 5 of the Dungeon.
You worshipped Okawaru.
Okawaru was noncommittal.
You visited 2 branches of the dungeon, and saw 6 of its levels.

You collected 232 gold pieces.

Inventory:

Hand Weapons
 a - a +0 flail (weapon)
Missiles
 g - 10 poisoned darts (quivered)
 m - a throwing net
 q - 8 boomerangs
 y - 5 curare-tipped darts
Armour
 b - a +0 scale mail (worn)
 c - a +0 buckler (worn)
 j - a scarf of harm
 o - a +0 helmet (worn)
 x - a +0 pair of gloves (worn)
Jewellery
 k - a ring of willpower (left hand)
Wands
 v - a wand of paralysis (3)
Scrolls
 h - 2 scrolls of torment {unknown}
 l - 2 scrolls of fear {unknown}
 n - a scroll of immolation {unknown}
 p - a scroll of teleportation {unknown}
 t - 2 scrolls of vulnerability {unknown}
 u - a scroll of magic mapping {unknown}
Potions
 d - 2 potions of might
 e - 2 potions of cancellation {unknown}
 f - a potion of invisibility {unknown}
 i - a potion of berserk rage {unknown}
 r - a potion of curing {unknown}
 s - a potion of resistance {unknown}
 w - 2 potions of haste {unknown}
 z - a potion of heal wounds {unknown}
 A - a potion of attraction {unknown}


   Skills:
 + Level 4.8 Fighting
 * Level 4.8 Maces & Flails
 + Level 0.7 Throwing
 + Level 4.8 Armour
 + Level 4.9 Shields


You had 6 spell levels left.
You didn't know any spells.
Your spell library contained the following spells:

 Spells                   Type           Power      Damage    Failure   Level
 Sting                    Tmut/Pois      0%         1d3       80%         1
 Poisonous Vapours        Pois/Air       0%         N/A       91%         2
 Olgreb's Toxic Radiance  Pois           0%         N/A       100%        4


Dungeon Overview and Level Annotations

Branches:
Dungeon (5/15)             Temple (1/1) D:4

Altars:
Dithmenos
Elyvilon
Gozag
Kikubaaqudgha
Makhleb
Nemelex Xobeh
Okawaru
Sif Muna
Trog
Uskayaw
Wu Jian
Xom
Yredelemnul
The Shining One


Innate Abilities, Weirdness & Mutations

You are immune to sickness and miasma.
Your stone body is resilient. (AC +4)
You are immune to poison.
You resist negative energy. (rN+)
You are resistant to electric shocks. (rElec)
You are resistant to unholy torment.
You are immune to petrification.


Message History

The ogre is severely wounded.
The ogre completely misses you.
You barely miss the ogre.
The ogre is severely wounded.
You block the ogre's attack.
You sock the ogre!
You kill the ogre!
Okawaru accepts your kill.
No target in view!
You see here a +0 giant club.
There is a stone staircase leading up here.
You see here a +0 dagger.
Done exploring.
You see here a +0 whip.
Things that are here:
a +0 whip; a +0 club
There is a stone staircase leading down here.
You climb downwards.
The ogre shouts!
Found 17 gold pieces and a scroll labelled ACSEUREOSE.
There is a stone staircase leading up here.
You barely miss the ogre. The ogre hits you with a +0 giant club!
You completely miss the ogre. The ogre hits you with a +0 giant club!
You are too injured to fight recklessly!
You are too injured to fight recklessly!
You hit the ogre.
The ogre is lightly wounded.
The ogre barely misses you.
You barely miss the ogre.
The ogre is lightly wounded.
The ogre completely misses you.
You hit the ogre.
The ogre is moderately wounded.
You sock the ogre!
The ogre is severely wounded.
The ogre hits you with a +0 giant club.
You hit the ogre.
The ogre is severely wounded.
The ogre hits you with a +0 giant club!!
You die...

##+##
##...##
##....$##
#...O@.<#
#.?.......#
+.........+
#.........#
##.......##
##.....##
##...##
##+##


You could see an ogre.

Vanquished Creatures
  A necrophage (D:4)
  An ogre (D:4)
  An orc priest (D:3)
  Ijyb (D:4)
  An iguana (D:4)
  An orc wizard (D:3)
  Robin (D:2)
  7 gnolls
  5 adders
  2 worms (D:2)
  4 dart slugs
  4 orcs (D:3)
  8 ball pythons
  8 bats
  6 endoplasms
  8 giant cockroaches
  20 goblins
  6 hobgoblins
  6 jackals
  8 kobolds
  5 quokkas
  4 frilled lizards
  5 rats
113 creatures vanquished.

Vanquished Creatures (others)
  An orc wizard (D:3)
  A withered plant (D:3)
2 creatures vanquished.

Grand Total: 115 creatures vanquished

Notes
Turn   | Place    | Note
-------+----------+-------------------------------------------
     0 | D:1      | Ayyar the Gargoyle Fighter began the quest for the Orb.
     0 | D:1      | Reached XP level 1. HP: 14/14 MP: 1/1
   165 | D:1      | Reached XP level 2. HP: 19/19 MP: 2/2
   614 | D:1      | Reached XP level 3. HP: 22/23 MP: 3/3
  1282 | D:2      | Reached XP level 4. HP: 25/29 MP: 4/4
  2084 | D:2      | Noticed Robin
  2348 | D:1      | Reached XP level 5. HP: 33/33 MP: 5/5
  2358 | D:2      | Killed Robin
  2719 | D:3      | Found a white marble altar of Elyvilon.
  3399 | D:3      | Found a faded altar of an unknown god.
  3714 | D:4      | Reached XP level 6. HP: 39/39 MP: 6/6
  3871 | D:4      | Noticed a necrophage
  3881 | D:4      | Killed a necrophage
  4067 | D:4      | Noticed Ijyb
  4087 | D:4      | Killed Ijyb
  4311 | D:4      | Found a staircase to the Ecumenical Temple.
  4368 | Temple   | Entered the Ecumenical Temple
  4440 | Temple   | Became a worshipper of Warmaster Okawaru
  4595 | D:4      | Reached XP level 7. HP: 44/44 MP: 7/7
  4651 | D:4      | Found a burning altar of Makhleb.
  4819 | D:5      | Entered Level 5 of the Dungeon
  4828 | D:5      | Slain by an ogre

Illustrated notes

Levels and vault maps discovered:
D:1:      lemuel_arrival_room, layout_rooms
D:2:      layout_loops_cross, uniq_robin
D:3:      layout_loops_ring, lemuel_doored_altar,
          ebering_ecumenical_altar_petrified
D:4:      kennysheep_goblin_castle, layout_rooms, kennysheep_mini,
          minmay_temple_entry_wispy
D:5:      layout_loops_corners, amcnicky_altar_gilded, uniq_grinder,
          uniq_sigmund, uniq_ijyb, uniq_pikel
Temple:   nicolae_temple_x_marks_the_god

Skill      XL: |  1  2  3  4  5 |
---------------+----------------+-----
Maces & Flails | 3 4 |  4.8
Shields        | 4 |  4.9
Fighting       | 4 |  4.8
Armour         | 4 |  4.8
Throwing       | |  0.7

Action                   |  1- 3 |  4- 6 |  7- 9 || total
-------------------------+-------+-------+-------++-------
Melee: Flail             |   126 |   265 |    12 ||   403
Throw: Dart              |       |     5 |       ||     5
  Use: Potion            |       |     1 |       ||     1
Armor: Scale mail        |    87 |   175 |     1 ||   263
Dodge: Dodged            |    78 |   131 |     3 ||   212
Block: Buckler           |    32 |    55 |     1 ||    88
